 Dungeon Crawl Stone Soup version 0.30-a0-696-g2367cd04db (webtiles) character file.

Game seed: 13127515345584260291

1212 testman the Charlatan (level 8, -3/61 HPs)
             Began as a Demonspawn Artificer on Jan 20, 2023.
             Was a Priest of Jiyva.
             Slain by an ogre
             ... wielding a +0 giant spiked club
              (28 damage)
             ... on level 6 of the Dungeon.
             The game lasted 00:16:16 (3574 turns).

testman the Charlatan (Demonspawn Artificer)        Turns: 3574, Time: 00:16:16

Health: -3/61      AC: 14    Str: 15    XL:     8   Next: 22%
Magic:  8/8        EV: 12    Int: 13    God:    Jiyva [***...]
Gold:   104        SH:  0    Dex: 13    Spells: 7/7 levels left

rFire   . . .      SeeInvis .    w - +0 hand axe (freeze)
rCold   . . .      Faith    .    (no shield)
rNeg    . . .      Spirit   .    f - quicksilver dragon scales
rPois   .          Reflect  .    g - +0 helmet
rElec   .          Harm     .    (no cloak)
rCorr   +          Rampage  .    (no gloves)
Will    +....      Clarity  +    (no boots)
Stlth   +                        (no amulet)
HPRegen 1.42/turn                (no ring)
MPRegen 0.46/turn                (no ring)

@: calling ooze
A: icy blue scales 1, demonic guardian 1, clarity, sense surroundings 3
a: Renounce Religion, Oozemancy


You were on level 6 of the Dungeon.
You worshipped Jiyva.
Jiyva was most pleased with you.
You visited 1 branch of the dungeon, and saw 6 of its levels.

You collected 104 gold pieces.

Inventory:

Hand Weapons
 l - a +0 dagger
 v - a +0 flail
 w - a +0 hand axe of freezing (weapon)
 x - a +0 long sword
 y - a +1 dagger of electrocution
Missiles
 o - 5 curare-tipped darts
 z - 4 boomerangs
Armour
 f - quicksilver dragon scales (worn)
 g - a +0 helmet (worn)
 h - a +1 leather armour of fire resistance
Wands
 d - a wand of charming (14)
 e - a wand of iceblast (1)
Scrolls
 a - a scroll of magic mapping {unknown}
 k - 2 scrolls of noise {unknown}
 q - 7 scrolls of identify {unknown}
 s - a scroll of fear {unknown}
 u - 2 scrolls of teleportation {unknown}
Potions
 b - a potion of magic {unknown}
 c - a potion of cancellation {unknown}
 i - 2 potions of mutation {unknown}
 j - a potion of berserk rage {unknown}
 m - 2 potions of curing {unknown}
 n - a potion of attraction {unknown}
 p - 3 potions of haste {unknown}
 r - 3 potions of lignification {unknown}
 t - a potion of heal wounds {unknown}


   Skills:
 + Level 4.9 Fighting
 + Level 4.7 Armour
 + Level 4.4 Dodging
 - Level 0.8 Stealth
 + Level 5.8 Evocations


You had 7 spell levels left.
You didn't know any spells.
Your spell library contained the following spells:

 Spells                   Type           Power      Damage    Failure   Level
 Slow                     Hex            0%         N/A       50%         1
 Confusing Touch          Hex            0%         N/A       86%         3
 Vampiric Draining        Necr           0%         2d6       86%         3


Dungeon Overview and Level Annotations

Branches:
Dungeon (6/15)
 Temple: D:4-7

Altars:
Trog
Vehumet
Jiyva


Innate Abilities, Weirdness & Mutations

You are partially covered in icy blue scales. (AC +2)
A weak demonic guardian rushes to your aid.
You possess an exceptional clarity of mind.
You passively map a large area around you.


Message History

You hit the steam dragon. You freeze the steam dragon.
The steam dragon is moderately wounded.
The steam dragon breathes steam at you. The ball of steam hits you!
You hit the steam dragon. You freeze the steam dragon.
The steam dragon is moderately wounded.
You are engulfed in a cloud of scalding steam.
The steam dragon bites you but does no damage.
The steam dragon closely misses you.
An ogre comes into view. It is wielding a +0 giant spiked club.
The steam dragon bites you.
The steam dragon claws you but does no damage.
You barely miss the steam dragon.
The steam dragon is moderately wounded.
The steam dragon breathes steam at you. The ball of steam hits you!!
Activating: Oozemancy (10% risk of failure)
Press: ? - help, Dir - look around, f - activate A stone staircase leading down, spattered with blood.
There is a cloud of steam here.
Slime begins to ooze from the nearby walls!
You can no longer turn your foes to slime.
You are engulfed in a cloud of scalding steam.
The walls burn the ogre!
The walls burn the steam dragon!
The steam dragon closely misses you. x2
The steam dragon attacks as you move away!
The steam dragon bites you.
* * * LOW HITPOINT WARNING * * *
The steam dragon claws you.
* * * LOW HITPOINT WARNING * * *
The walls burn the ogre!
The walls burn the steam dragon!
The walls burn the steam dragon!
You hit the steam dragon. You freeze the steam dragon.
You kill the steam dragon!
The walls burn the ogre!
You hit the ogre but do no damage.
The ogre is heavily wounded.
The walls burn the ogre!
The ogre hits you with a +0 giant spiked club!!
You die...

### * * #.., , , * #.# *
#.# * ,, , ### #.# ,
..####### #.# *, *
........#########.#####.#
* # ###
#.........@O....... , *,
# ### #.#########..####.#
* ,, #######.###....##..#
,, ,*
'.._..+...#....##..# * *
, ###.###...#....##..#, *
# #.# #...##'#.##..# * *
###'###...##.#.....# , ,
..........##.#.....# , *
..###.....##.#...#.#,#*,
,, ,,


You could see an ogre.

Vanquished Creatures
  A steam dragon (D:6)
  Duvessa (D:4)
  2 ice beasts
  2 necrophages
  2 scorpions
  Dowan (D:4)
  An orc priest (D:5)
  2 iguanas (D:5)
  4 orc wizards
  3 gnolls (D:5)
  8 adders
  3 worms (D:2)
  3 dart slugs
  9 orcs
  4 ball pythons
  2 bats
  3 endoplasms
  A giant cockroach (D:3)
  11 goblins
  6 hobgoblins
  5 jackals
  5 kobolds
  2 quokkas
  4 frilled lizards
  3 rats
88 creatures vanquished.

Vanquished Creatures (collateral kills)
  A necrophage (D:4)
  An iguana (D:5)
  2 adders
  An ufetubus (D:4)
  An orc (D:4)
  A ball python (D:4)
  A giant cockroach (D:4)
8 creatures vanquished.

Vanquished Creatures (others)
  A jelly (D:6)
  Robin (D:3)
  4 adders
  2 orcs
  A goblin (D:3)
  3 hobgoblins (D:3)
  2 quokkas (D:2)
  2 kobolds (D:3)
  2 rats (D:3)
  4 plants (D:3)
22 creatures vanquished.

Grand Total: 118 creatures vanquished

Notes
Turn   | Place    | Note
-------+----------+-------------------------------------------
     0 | D:1      | testman the Demonspawn Artificer began the quest for the
                  | Orb.
     0 | D:1      | Reached XP level 1. HP: 15/15 MP: 1/1
    28 | D:1      | Reached skill level 1 in Dodging
   181 | D:1      | Gained mutation: A weak demonic guardian rushes to your
                  | aid. [demonic ancestry]
   181 | D:1      | Reached XP level 2. HP: 20/21 MP: 2/2
   743 | D:2      | Gained mutation: You are partially covered in icy blue
                  | scales. (AC +2) [demonic ancestry]
   743 | D:2      | Reached XP level 3. HP: 26/26 MP: 3/3
   880 | D:2      | Found a faded altar of an unknown god.
   897 | D:2      | Prayed at the altar of an unknown god.
   897 | D:2      | Became a worshipper of Jiyva Jefras the Shapeless
   897 | D:2      | Reached * piety under Jiyva
   978 | D:2      | Reached XP level 4. HP: 33/33 MP: 4/4
  1152 | D:2      | Reached ** piety under Jiyva
  1494 | D:3      | Killed Robin
  1973 | D:4      | Reached XP level 5. HP: 39/39 MP: 5/5
  2020 | D:4      | Reached skill level 4 in Evocations
  2029 | D:4      | Noticed Dowan
  2031 | D:4      | Noticed Duvessa
  2033 | D:4      | Killed Duvessa
  2033 | D:4      | Killed Dowan
  2034 | D:4      | Reached XP level 6. HP: 47/47 MP: 6/6
  2034 | D:4      | Noticed an ice beast
  2084 | D:4      | Found a radiant altar of Vehumet.
  2141 | D:4      | Killed an ice beast
  2142 | D:4      | Reached XP level 7. HP: 53/53 MP: 7/7
  2182 | D:4      | Reached *** piety under Jiyva
  2376 | D:4      | Gained mutation: You passively map a small area around you.
                  | [Jiyva's grace]
  2376 | D:4      | Gained mutation: You passively map the area around you.
                  | [Jiyva's grace]
  2376 | D:4      | Gained mutation: You passively map a large area around you.
                  | [Jiyva's grace]
  2376 | D:4      | Gained mutation: You possess an exceptional clarity of
                  | mind. [Jiyva's grace]
  2573 | D:5      | Entered Level 5 of the Dungeon
  2649 | D:5      | Reached skill level 5 in Evocations
  2784 | D:5      | Identified the +3 rapier "Ugav" {holy, Str+2 Int+3}
  2973 | D:5      | Reached XP level 8. HP: 59/61 MP: 8/8
  3275 | D:5      | Reached **** piety under Jiyva
  3535 | D:6      | Found a bloodstained altar of Trog.
  3574 | D:6      | Slain by an ogre

Illustrated notes

Levels and vault maps discovered:
D:1:      lightli_arrival_noodles, layout_loops_ring
D:2:      wander_river, layout_basic, chequers_ecumenical_altar_island
D:3:      corexii_shack_village, layout_basic, uniq_robin
D:4:      layout_cave_pools, mainiacjoe_overflow_paths,
          nicolae_concentric_dashed_squares_wild, uniq_duvessa
D:5:      layout_basic, fountainhead
D:6:      layout_basic, mainiacjoe_overflow_24_doors, lemuel_doored_altar,
          nzn_wu_jian_council_hall, ebering_ghost_reflecting_pool, uniq_sigmund

Skill      XL: |  1  2  3  4  5  6  7 |
---------------+----------------------+-----
Dodging        | 1 2 3 4 |  4.4
Armour         | 2 3 4 |  4.7
Fighting       | 2 3 4 |  4.9
Evocations     | 4 5 |  5.8
Stealth        | |  0.8

Action                   |  1- 3 |  4- 6 |  7- 9 || total
-------------------------+-------+-------+-------++-------
Melee: Club              |    44 |       |       ||    44
       Punch             |     2 |     5 |     3 ||    10
       Dagger            |    98 |   268 |       ||   366
       Hand axe          |       |    28 |   190 ||   218
Invok: Oozemancy         |       |       |     2 ||     2
Evoke: Wand              |    16 |     4 |       ||    20
 Stab: Distracted        |       |     1 |       ||     1
Armor: Quicksilver drago |    97 |   184 |   148 ||   429
       Leather armour    |     1 |       |       ||     1
Dodge: Dodged            |    85 |   210 |   113 ||   408

Table legend: (Time is in decaauts)
 A = Elapsed time spent in this place.
 B = Non-inter-level travel time spent in this place.
 C = Inter-level travel time spent in this place.
 D = Time resting spent in this place.
 E = Time spent auto-exploring this place.
 F = Levels seen in this place.
 G = Mean time per level.
                   A        B        C        D        E       F      G
               +--------+--------+--------+--------+--------+-----+--------+
         Total |   3668 |   3523 |    145 |     30 |   2037 |   6 |  611.3 |
       Dungeon |   3668 |   3523 |    145 |     30 |   2037 |   6 |  611.3 |
               +--------+--------+--------+--------+--------+-----+--------+

Top non-repeatable levels by time:
     D:5: 891 daAuts
     D:1: 690 daAuts
     D:2: 659 daAuts
     D:4: 649 daAuts
     D:3: 620 daAuts
     D:6: 156 daAuts
